 Dungeon Crawl Stone Soup version 0.28-a0-730-g892d06dc2c (webtiles) character file.

Game seed: 1684086745701783792

129 rogsnak the Gusty (level 4, -2/33 HPs)
             Began as a Draconian Air Elementalist on Oct 28, 2021.
             Slain by an orc wizard (3 damage)
             ... on level 3 of the Dungeon on Oct 29, 2021.
             The game lasted 00:08:33 (2828 turns).

rogsnak the Gusty (Draconian Air Elementalist)      Turns: 2828, Time: 00:08:34

Health: -2/33      AC:  5    Str: 10    XL:     4   Next: 88%
Magic:  0/8        EV: 12    Int: 16    God:
Gold:   84         SH:  0    Dex: 12    Spells: 0/8 levels left

rFire   . . .      SeeInvis .   l - +0 trident
rCold   . . .      Faith    .   (no shield)
rNeg    . . .      Spirit   .   (armour unavailable)
rPois   .          Reflect  .   (helmet restricted)
rElec   .          Harm     .   (no cloak)
rCorr   .          Rampage  .   (no gloves)
Will    .....                   (no boots)
Stlth   +.........              (no amulet)
HPRegen 0.11/turn               (no ring)
MPRegen 0.11/turn               (no ring)

@: confused, mighty
A: AC +5, unfitting armour, cold-blooded
a: no special abilities


You were on level 3 of the Dungeon.
You visited 1 branch of the dungeon, and saw 3 of its levels.

You collected 84 gold pieces.

Inventory:

Hand Weapons
 b - a +0 short sword
 c - a +0 spear
 l - a +0 trident (weapon)
Missiles
 a - 101 stones
Jewellery
 e - an amulet of guardian spirit
Scrolls
 d - 3 scrolls of identify {unknown}
 f - a scroll of amnesia {unknown}
 g - 2 scrolls of magic mapping {unknown}
 i - 2 scrolls of immolation {unknown}
 j - a scroll of teleportation {unknown}
Potions
 k - a potion of flight {unknown}


   Skills:
 + Level 1.9 Dodging
 - Level 2.0 Stealth
 + Level 2.6 Spellcasting
 * Level 2.8 Conjurations
 + Level 4.2 Air Magic


You couldn't memorise any spells.
You knew the following spells:

 Your Spells              Type           Power      Damage    Failure   Level
a - Shock                 Conj/Air       52%        1d6       4%          1
b - Swiftness             Air            15%        N/A       10%         3
c - Airstrike             Air            7%         N/A       32%         4

Your spell library contained the following spells:

 Spells                   Type           Power      Damage    Failure   Level
 Static Discharge         Conj/Air       13%        N/A       7%          2


Dungeon Overview and Level Annotations

Branches:
Dungeon (3/15)

Altars:

Annotations:
D:3 Grinder


Innate Abilities, Weirdness & Mutations

Your plain brown scales are hard. (AC +5)
You cannot fit into any form of body armour.
You are cold-blooded and may be slowed by cold attacks.


Message History

Something hits you.
Unknown command.
Unknown command.
Casting: Shock (safe; 4% risk of failure)
Confirm with . or Enter, or press ? or * to list all spells.
Aiming: Shock (safe; 4% risk of failure)
Press: ? - help, Shift-Dir - straight line The zap hits something.
You hear some strange, mumbled words.
A magic dart appears from out of thin air!
The magic dart hits you!
* * * LOW HITPOINT WARNING * * *
Unknown command.
You miss something.
You hear some strange, mumbled words.
Something tries to affect you, but you resist.
Unknown command.
You barely miss something. Something hits you but does no damage.
Unknown command.
Casting: Shock (safe; 4% risk of failure)
Confirm with . or Enter, or press ? or * to list all spells.
Aiming: Shock (safe; 4% risk of failure)
Press: ? - help, Shift-Dir - straight line The zap hits something.
Something hits you.
* * * LOW HITPOINT WARNING * * *
Unknown command.
Unknown command.
You miss something. You tail-slap something.
Something hits you but does no damage. Something hits you.
* * * LOW HITPOINT WARNING * * *
Unknown command.
It was a potion of might.
You feel very mighty all of a sudden.
You hear some strange, mumbled words.
You are confused.
You miss something.
Your tail-slap misses something.
Something hits you.
* * * LOW HITPOINT WARNING * * *
Unknown command.
You bump into the rock wall.
Something hits you.
You die...

# .. . .. <###.#
..#.# #.#.#
##.#.#
######....######
#!{......†.).)).
#@####....######
#.# ##...# #.#
#..##
##.#####..#
#.........#
#.####.##.# #.
##...#.#
#.##†###..# #
#.#.## #.#


There were no monsters in sight!

Vanquished Creatures
  An orc priest (D:2)
  3 adders
  A worm (D:3)
  6 dart slugs
  6 orcs
  2 ball pythons
  An endoplasm (D:2)
  2 giant cockroaches
  4 goblins (D:1)
  7 hobgoblins
  5 jackals
  2 kobolds (D:1)
  A quokka (D:2)
  2 bats
  2 frilled lizards (D:1)
  7 rats
52 creatures vanquished.

Notes
Turn   | Place    | Note
-------+----------+-------------------------------------------
     0 | D:1      | rogsnak the Draconian Air Elementalist began the quest for
                  | the Orb.
     0 | D:1      | Reached XP level 1. HP: 14/14 MP: 3/3
   236 | D:1      | Reached XP level 2. HP: 20/20 MP: 3/5
   297 | D:1      | Found a faded altar of an unknown god.
   852 | D:1      | Reached XP level 3. HP: 20/26 MP: 0/6
  1268 | D:2      | Noticed a necrophage
  2160 | D:2      | Reached XP level 4. HP: 33/33 MP: 3/7
  2164 | D:2      | Learned a level 3 spell: Swiftness
  2169 | D:2      | Learned a level 4 spell: Airstrike
  2220 | D:2      | Upgraded the game from 0.28-a0-726-g4a9143789a to
                  | 0.28-a0-730-g892d06dc2c
  2465 | D:3      | Noticed Grinder
  2469 | D:3      | Paralysed by Grinder for 4 turns
  2690 | D:3      | Reached skill level 4 in Air Magic
  2827 | D:3      | HP: 1/33 [something (1)]
  2828 | D:3      | Slain by an orc wizard

Illustrated notes

Levels and vault maps discovered:
D:1:      lemuel_arrival_cross, layout_rooms, basic_ecumenical_altar
D:2:      layout_loops_ring
D:3:      layout_loops_ring, serial_shops, nicolae_shop_window_shopping,
          minmay_fractal_squares_gapless_5, uniq_grinder

Skill      XL: |  1  2  3  4 |
---------------+-------------+-----
Stealth        | 2 |  2.0
Conjurations   | 2 |  2.8
Air Magic      | 4 |  4.2
Dodging        | |  1.9
Spellcasting   | |  2.6

Action                   |  1- 3 |  4- 6 || total
-------------------------+-------+-------++-------
Melee: Unarmed           |     5 |       ||     5
       Tailslap          |     3 |     3 ||     6
       Short sword       |     1 |       ||     1
       Spear             |     5 |     6 ||    11
       Trident           |       |     5 ||     5
 Cast: Shock             |    88 |    31 ||   119
  Use: Potion            |       |     1 ||     1
 Stab: Sleeping          |       |     1 ||     1
Armor: Skin              |     1 |     9 ||    10
Dodge: Dodged            |    13 |    11 ||    24

Table legend: (Time is in decaauts)
 A = Elapsed time spent in this place.
 B = Non-inter-level travel time spent in this place.
 C = Inter-level travel time spent in this place.
 D = Time resting spent in this place.
 E = Time spent auto-exploring this place.
 F = Levels seen in this place.
 G = Mean time per level.
                   A        B        C        D        E       F      G
               +--------+--------+--------+--------+--------+-----+--------+
         Total |   2831 |   2766 |     65 |    756 |   1524 |   3 |  943.7 |
       Dungeon |   2831 |   2766 |     65 |    756 |   1524 |   3 |  943.7 |
               +--------+--------+--------+--------+--------+-----+--------+

Top non-repeatable levels by time:
     D:1: 1298 daAuts
     D:2: 1194 daAuts
     D:3: 338 daAuts
